 Dungeon Crawl Stone Soup version 0.29-a0-330-g52719c12eb (webtiles) character file.

Game seed: 1946622218953196336

130 gruber the Chiller (level 4, -1/33 HPs)
             Began as a Draconian Ice Elementalist on May 30, 2022.
             Killed by divine providence
             ... invoked by an orc priest
              (13 damage)
             ... on level 4 of the Dungeon.
             The game lasted 00:02:25 (2874 turns).

gruber the Chiller (Draconian Ice Elementalist)     Turns: 2874, Time: 00:02:25

Health: -1/33      AC: 14    Str: 11    XL:     4   Next: 90%
Magic:  2/7        EV: 12    Int: 17    God:
Gold:   72         SH:  0    Dex: 11    Spells: 3/7 levels left

rFire   . . .      SeeInvis .   h - +0 long sword
rCold   . . .      Faith    .   (no shield)
rNeg    . . .      Spirit   .   (body armour unavailable)
rPois   .          Reflect  .   (helmet restricted)
rElec   .          Harm     .   f - +0 cloak
rCorr   .          Rampage  .   (no gloves)
Will    .....                   (no boots)
Stlth   ++........              (no amulet)
HPRegen 0.11/turn               i - +4 ring of protection
MPRegen 0.10/turn               l - +4 ring of protection

@: very slightly contaminated
A: AC +5, unfitting armour, cold-blooded
a: no special abilities


You were on level 4 of the Dungeon.
You visited 1 branch of the dungeon, and saw 4 of its levels.

You collected 72 gold pieces.

Inventory:

Hand Weapons
 h - a +0 long sword (weapon)
Armour
 f - a +0 cloak (worn)
Jewellery
 i - a +4 ring of protection (left hand)
 l - a +4 ring of protection (right hand)
Scrolls
 e - 3 scrolls of identify {unknown}
 g - a scroll of torment {unknown}
 j - a scroll of teleportation {unknown}
Potions
 a - a potion of magic
 b - a potion of ambrosia {unknown}
 c - a potion of cancellation {unknown}
 d - a potion of lignification {unknown}
 k - a potion of brilliance {unknown}


   Skills:
 - Level 1.7 Dodging
 - Level 1.7 Stealth
 - Level 2.0 Spellcasting
 * Level 6.3 Ice Magic


You had 3 spell levels left.
You knew the following spells:

 Your Spells              Type           Power      Damage    Failure   Level
a - Freeze                Ice            92%        1d10      1%          1
b - Frozen Ramparts       Ice            46%        1d6       4%          3

Your spell library contained the following spells:

 Spells                   Type           Power      Damage    Failure   Level
 Ozocubu's Armour         Ice            23%        N/A       4%          3
 Hailstorm                Conj/Ice       12%        3d5       47%         4
 Summon Forest            Summ/Tloc      0%         N/A       99%         5
 Eringya's Noxious Bog    Tmut/Pois      0%         N/A       100%        6
 Summon Hydra             Summ           0%         N/A       100%        7


Dungeon Overview and Level Annotations

Branches:
Dungeon (3/15)

Altars:


Innate Abilities, Weirdness & Mutations

Your plain brown scales are hard. (AC +5)
You cannot fit into any form of body armour.
You are cold-blooded and may be slowed by cold attacks.


Message History

The wall freezes the orc.
You kill the orc!
The wall freezes the hobgoblin!
You kill the hobgoblin!
The wall freezes the iguana.
The wall freezes the orc.
The wall freezes the iguana.
You closely miss the iguana.
The iguana is heavily wounded.
The wall freezes the orc.
The wall freezes the iguana.
The iguana seems to slow down.
The iguana closely misses you.
The wall freezes the orc priest.
The wall freezes the orc.
You kill the orc!
The wall freezes the iguana!
You kill the iguana!
Unknown command.
Your frozen ramparts will break if you move.
Continue?
Okay, then.
Unknown command.
The wall freezes the orc priest.
The wall freezes the orc priest.
You hit the orc priest but do no damage.
The orc priest is heavily wounded.
The frozen ramparts melt away.
The orc priest hits you but does no damage.
Casting: Frozen Ramparts (dangerous; 4% risk of failure)
Confirm with . or Enter, or press ? or * to list all spells.
You don't have enough magic to cast this spell.
Unknown command.
Unknown command.
Unknown command.
You hit the orc priest.
The orc priest is almost dead.
The orc priest hits you but does no damage.
The orc priest mumbles some strange prayers to Beogh against you.
Beogh smites you!
You closely miss the orc priest.
The orc priest is almost dead.
The orc priest invokes the aid of Beogh against you.
Beogh smites you!
You die...

#.######o....#
#.#..........#
#.#...o...$..#
#.#$.........#
##.####.##........##
..................#
#.####)#..........#
#o#..........#
#@#..........#
#.#..........#
#.#..........#
.>.#........# .
...##......# . ....#
. ....# ....##


You could see an orc priest.

Vanquished Creatures
  An iguana (D:4)
  4 gnolls (D:2)
  2 orcs (D:4)
  A bat (D:1)
  3 endoplasms
  14 giant cockroaches
  6 goblins
  3 hobgoblins
  4 jackals (D:2)
  5 kobolds
  2 quokkas
  9 ball pythons
  3 rats
57 creatures vanquished.

Notes
Turn   | Place    | Note
-------+----------+-------------------------------------------
     0 | D:1      | gruber the Draconian Ice Elementalist began the quest for
                  | the Orb.
     0 | D:1      | Reached XP level 1. HP: 14/14 MP: 3/3
   565 | D:1      | Reached XP level 2. HP: 16/20 MP: 0/5
  1689 | D:2      | Reached skill level 5 in Ice Magic
  1695 | D:2      | Reached XP level 3. HP: 25/26 MP: 3/6
  1748 | D:2      | Learned a level 3 spell: Frozen Ramparts
  1947 | D:2      | Reached XP level 4. HP: 14/33 MP: 0/7
  2283 | D:2      | Found a faded altar of an unknown god.
  2745 | D:3      | Reached skill level 6 in Ice Magic
  2800 | D:3      | You fall into a shaft and drop 1 floor!
  2874 | D:4      | Killed from afar by an orc priest

Illustrated notes

Levels and vault maps discovered:
D:1:      lemuel_arrival_river_bridge, layout_basic
D:2:      minmay_roachtagon, layout_basic,
          shapermc_ecumenical_altar_starsandcircs
D:3:      kennysheep_big_flooded_room, layout_loops_ring,
          nicolae_wu_jian_wuxing_cycle
D:4:      cheibrodos_helix_gallery, layout_rooms, serial_shops,
          nicolae_shop_bloodbath_and_beyond

Skill      XL: |  1  2  3  4 |
---------------+-------------+-----
Ice Magic      | 5 6 |  6.3
Dodging        | |  1.7
Stealth        | |  1.7
Spellcasting   | |  2.0

Action                   |  1- 3 |  4- 6 || total
-------------------------+-------+-------++-------
Melee: Unarmed           |    52 |       ||    52
       Tailslap          |     7 |     2 ||     9
       Long sword        |     8 |    41 ||    49
       Punch             |       |     1 ||     1
 Cast: Freeze            |    32 |     7 ||    39
       Frozen Ramparts   |     2 |     3 ||     5
 Stab: Sleeping          |     4 |     1 ||     5
Armor: Skin              |    37 |    25 ||    62
Dodge: Dodged            |    52 |    47 ||    99

Table legend: (Time is in decaauts)
 A = Elapsed time spent in this place.
 B = Non-inter-level travel time spent in this place.
 C = Inter-level travel time spent in this place.
 D = Time resting spent in this place.
 E = Time spent auto-exploring this place.
 F = Levels seen in this place.
 G = Mean time per level.
                   A        B        C        D        E       F      G
               +--------+--------+--------+--------+--------+-----+--------+
         Total |   2896 |   2782 |    114 |      0 |   2370 |   4 |  724.0 |
       Dungeon |   2896 |   2782 |    114 |      0 |   2370 |   4 |  724.0 |
               +--------+--------+--------+--------+--------+-----+--------+

Top non-repeatable levels by time:
     D:1: 1452 daAuts
     D:2: 1252 daAuts
     D:3: 115 daAuts
     D:4: 76 daAuts
